[Event "ICC tourney 2063 (7 2)"]
[Site "Internet Chess Club"]
[Date "2020.10.16"]
[Round "1"]
[White "kurumania"]
[Black "Tacticsguy52"]
[Result "1-0"]
[ICCResult "Black checkmated"]
[WhiteElo "2749"]
[BlackElo "1597"]
[Opening "Ruy Lopez: closed, anti-Marshall 8.a4"]
[ECO "C88"]
[NIC "RL.18"]
[Time "20:01:44"]
[TimeControl "420+2"]

1. e4 e5 2. Nf3 Nc6 3. Bb5 a6 4. Ba4 Nf6 5. O-O b5 6. Bb3 Be7 7. Re1 O-O 8.
a4 Bb7 9. d3 d6 10. Nbd2 Na5 11. Ba2 c5 12. Nf1 Nc6 13. Ng3 g6 14. Bh6 Re8
15. c3 Bf8 16. Qd2 Bxh6 17. Qxh6 Ng4 18. Bxf7+ Kxf7 19. Qxh7+ Ke6 20. Qxb7
Qc8 21. Ng5+ Kf6 22. Nh7+ Ke6 23. Qg7 Rg8 24. Ng5# {Black checkmated} 1-0

[Event "ICC tourney 2063 (7 2)"]
[Site "Internet Chess Club"]
[Date "2020.10.16"]
[Round "1"]
[White "Ben2008"]
[Black "Openyagami"]
[Result "0-1"]
[ICCResult "White checkmated"]
[WhiteElo "1389"]
[BlackElo "2760"]
[Opening "Sicilian: Labourdonnais-Löwenthal (Kalashnikov) variation"]
[ECO "B32"]
[NIC "SI.32"]
[Time "20:01:45"]
[TimeControl "420+2"]

1. e4 c5 2. Nf3 Nc6 3. d4 cxd4 4. Nxd4 e5 5. Nb5 d6 6. N1c3 a6 7. Na3 b5 8.
Nd5 Nge7 9. Be3 Nxd5 10. exd5 Ne7 11. c4 Nf5 12. Bd2 g6 13. cxb5 Bg7 14.
bxa6 O-O 15. Bc4 e4 16. Rb1 Qh4 17. Qe2 e3 18. Bc3 exf2+ 19. Qxf2 Re8+ 20.
Kf1 Qg4 21. Be2 Rxe2 22. Qxe2 Bxa6 23. Nb5 Bxb5 24. Qxb5 Qf4+ 25. Kg1 Bxc3
26. bxc3 Qe3+ 27. Kf1 Rxa2 28. Qb8+ Kg7 29. Qb6 Qe2+ 30. Kg1 Qxg2#
{White checkmated}
0-1

[Event "ICC tourney 2063 (7 2)"]
[Site "Internet Chess Club"]
[Date "2020.10.16"]
[Round "1"]
[White "spellking98"]
[Black "GGuseinov"]
[Result "0-1"]
[ICCResult "White resigns"]
[WhiteElo "1718"]
[BlackElo "2904"]
[Opening "Sicilian defense"]
[ECO "B20"]
[NIC "SI.48"]
[Time "20:01:59"]
[TimeControl "420+2"]

1. e4 c5 2. b3 g6 3. Bb2 Nf6 4. g3 Bg7 5. Bg2 d6 6. Ne2 Nc6 7. O-O O-O 8.
Nbc3 Rb8 9. a4 b6 10. h3 Bb7 11. f4 Nd4 12. d3 Nd7 13. Kh2 e6 14. Rb1 f5 15.
Nxd4 Bxd4 16. Nb5 Bxb2 17. Rxb2 Nf6 18. Qe2 a6 19. Na3 d5 20. e5 Ne8 21. c4
Ng7 22. Nc2 Qd7 23. Ne1 b5 24. axb5 axb5 25. Rd2 Rfd8 26. Rc2 Rbc8 27. Rb2
Bc6 28. Rf2 Qb7 29. Bf3 Rd7 30. Bg2 Rcd8 31. Bf3 Kf7 32. Bg2 dxc4 33. dxc4
b4 34. Bxc6 Qxc6 35. Qf3 Qc7 36. Qe2 Nh5 37. Nf3 h6 38. Ne1 Qc6 39. Ng2 Rd4
40. Ne1 Re4 41. Qf3 Qd7 42. Rfe2 Qd4 43. Rbd2 Qxd2 44. Rxd2 Rxd2+ 45. Ng2
Ree2 46. Kg1 Rxg2+ 47. Qxg2 Rxg2+ 48. Kxg2 g5 49. Kf3 gxf4 50. gxf4 Kg6 51.
Ke3 Ng7 52. Kf3 Kh5 53. Kg3 Ne8 54. Kg2 Kh4 55. Kh2 Ng7 56. Kg2 Nh5 57. Kf3
Kxh3 58. Ke3 Kg4 {White resigns} 0-1

[Event "ICC tourney 2063 (7 2)"]
[Site "Internet Chess Club"]
[Date "2020.10.16"]
[Round "1"]
[White "manest"]
[Black "MrNormalName"]
[Result "1-0"]
[ICCResult "Black resigns"]
[WhiteElo "2772"]
[BlackElo "1877"]
[Opening "Réti opening"]
[ECO "A06"]
[NIC "QP.09"]
[Time "20:02:58"]
[TimeControl "420+2"]

1. Nf3 d5 2. e3 Nf6 3. c4 e6 4. Nc3 b6 5. cxd5 exd5 6. Bb5+ c6 7. Be2 Bd6 8.
O-O O-O 9. d4 Bg4 10. b3 Nbd7 11. Bb2 Re8 12. Rc1 Rc8 13. h3 Bh5 14. Ne1
Bxe2 15. Qxe2 Ne4 16. Nd3 Ndf6 17. Rc2 Bb8 18. Rfc1 Qd6 19. Ne5 Nxc3 20.
Rxc3 c5 21. R3c2 Qe6 22. Nf3 Ne4 23. dxc5 bxc5 24. Nd2 Nxd2 25. Qxd2 Qd6 26.
g3 h5 27. h4 Rc6 28. Ba3 Rec8 29. b4 cxb4 30. Rxc6 Rxc6 31. Rxc6 Qxc6 32.
Qxb4 Qe8 33. Qc5 Qd8 34. Bb2 Qd6 35. Qc8+ Kh7 36. Bd4 a5 37. Qf5+ Kg8 38.
Qxh5 Qe6 39. Qg5 f6 40. Qg6 Be5 41. Bxe5 Qxe5 42. Kg2 d4 43. exd4 Qd5+ 44.
Kg1 Qxa2 45. Qe8+ Kh7 46. Qe4+ Kg8 47. d5 Qa1+ 48. Kg2 Qe5 49. Qc4 Qd6 50.
Qc6 Qd8 51. d6 a4 52. d7 Kf7 53. Qxa4 Ke7 54. Qe4+ Kxd7 55. Qd5+ Ke7 56.
Qxd8+ Kxd8 57. Kf3 Ke7 58. Ke4 Ke6 59. g4 Kd6 60. Kf5 Ke7 61. Kg6 Kf8 62. h5
Kg8 63. f4 Kf8 64. h6 gxh6 65. Kxf6 h5 66. gxh5 {Black resigns} 1-0

[Event "ICC tourney 2063 (7 2)"]
[Site "Internet Chess Club"]
[Date "2020.10.16"]
[Round "1"]
[White "IndianTerritory"]
[Black "helavir"]
[Result "0-1"]
[ICCResult "White resigns"]
[WhiteElo "1708"]
[BlackElo "2307"]
[Opening "Caro-Kann: exchange variation"]
[ECO "B13"]
[NIC "CK.02"]
[Time "20:03:23"]
[TimeControl "420+2"]

1. e4 c6 2. d4 d5 3. exd5 cxd5 4. Bd3 Nf6 5. c3 Bg4 6. f3 Bh5 7. Ne2 e6 8.
O-O Bd6 9. Bf4 Bg6 10. Qa4+ Nc6 11. Ba6 Bxf4 12. Bxb7 Be3+ 13. Kh1 O-O 14.
Bxc6 Rb8 15. b4 Qb6 16. Rd1 Rfc8 17. b5 a6 18. c4 dxc4 19. Na3 axb5 20. Bxb5
c3 21. Bd3 Bxd3 22. Rxd3 Qb2 23. Qd1 Qxa3 24. Rxe3 Nd5 25. Rd3 Nb4 26. Re3
Qb2 27. Rc1 c2 28. Qd2 Nxa2 29. Re5 Nxc1 30. Nxc1 Qxc1+ 31. Qxc1 Rb1 32. Re1
Rxc1 {White resigns} 0-1

[Event "ICC tourney 2063 (7 2)"]
[Site "Internet Chess Club"]
[Date "2020.10.16"]
[Round "1"]
[White "TjkTiger"]
[Black "KnightHopper"]
[Result "1-0"]
[ICCResult "Black resigns"]
[WhiteElo "2207"]
[BlackElo "1772"]
[Opening "English: Caro-Kann defensive system"]
[ECO "A11"]
[NIC "EO.64"]
[Time "20:07:16"]
[TimeControl "420+2"]

1. c4 c6 2. Nc3 d5 3. d4 Nf6 4. cxd5 cxd5 5. Bf4 Qb6 6. e3 Qxb2 7. Bb5+ Bd7
8. Bxd7+ Nbxd7 9. Nge2 Rc8 10. Rb1 Qa3 11. O-O e6 12. Rxb7 Rxc3 13. Nxc3
Qxc3 14. Rc7 Qb4 15. Qc2 Be7 16. Rc8+ Bd8 17. Rb1 Qe7 18. Qc6 Ne4 19. Rb7 g5
20. Be5 f6 21. Bc7 O-O 22. Bxd8 Qd6 23. Rxd7 Qb4 24. Qxe6+ Kh8 25. Bxf6+
Nxf6 26. Qxf6+ {Black resigns} 1-0

[Event "ICC tourney 2063 (7 2)"]
[Site "Internet Chess Club"]
[Date "2020.10.16"]
[Round "1"]
[White "josechess99"]
[Black "challenger2010"]
[Result "1-0"]
[ICCResult "Black forfeits on time"]
[WhiteElo "2520"]
[BlackElo "1938"]
[Opening "Sicilian"]
[ECO "B50"]
[NIC "SI.01"]
[Time "20:01:44"]
[TimeControl "420+2"]

1. e4 c5 2. Nf3 d6 3. c3 Nf6 4. h3 g6 5. Bd3 Bg7 6. Bc2 O-O 7. d4 cxd4 8.
cxd4 d5 9. e5 Ne4 10. O-O f6 11. exf6 exf6 12. Nc3 Nxc3 13. bxc3 Nc6 14. Ne1
Be6 15. Nd3 Bf7 16. h4 Re8 17. h5 f5 18. Qf3 Rc8 19. Bb3 b6 20. Qg3 Re4 21.
hxg6 hxg6 22. Bg5 Qc7 23. Bf4 Qe7 24. f3 Re2 25. Bg5 Qd7 26. Nf4 Ree8 27.
Rae1 Qd6 28. Bh4 Bf8 29. Nh5 Qxg3 30. Nf6+ Kh8 31. Bxg3 Rxe1 32. Rxe1 Rd8
33. Ba4 Na5 34. Kf2 Kg7 35. Be5 Nc4 36. Ne8+ Kg8 37. Bf6 Rc8 38. Bd7 Rb8 39.
Bg5 Bxe8 40. Bxe8 Kg7 41. Bc6 Na5 42. Bxd5 Rc8 43. Bf4 g5 44. Be5+ Kg6 45.
g4 Rxc3 46. gxf5+ Kxf5 47. Be4+ Ke6 48. Rh1 Nc4 49. Bh8 Ra3 50. d5+ Kd6 51.
Rh7 Kc5 52. Rc7+ Kb5 53. Kg3 Rxa2 54. Rc8 Bd6+ 55. Kg4 Bc5 56. Kxg5 Nd6 57.
Rc7 Rg2+ 58. Kf4 a5 59. Be5 a4 60. Bd3+ Kb4 61. Rc6 Nc4 62. Bxc4 Kxc4 63. d6
Rd2 64. Ke4 Kb5 65. Rc8 Bxd6 66. Bc3 Rc2 67. Kd3 Rg2 68. Rd8 Bc5 69. f4 a3
70. f5 Rf2 71. f6 Ka4 72. Rd7 Kb3 73. Be5 a2 74. Ra7 Rf3+ 75. Ke4 Rf1 76.
Kd5 Ba3 77. f7 Bb2 78. Bd6 Rxf7 79. Rxf7 a1=Q 80. Rf3+ Ka2 81. Kc6 Qd1 82.
Rf4 Qc2+ 83. Kxb6 Qd2 84. Kc6 Bd4 85. Rf8 Kb3 86. Rc8 Kc4 87. Rc7 Qg2+ 88.
Kd7+ Kd5 89. Be7 Qg4+ 90. Ke8 Qg8+ 91. Kd7 Qe6+ 92. Ke8 Be5 93. Rc1 Qg8+ 94.
Kd7 Qg4+ 95. Ke8 Bd6 96. Bxd6 Kxd6 97. Rf1 Qh5+ 98. Kf8 Qh8+ 99. Kf7 Qh7+
100. Kf8 Qh6+ 101. Kf7 Qe3 102. Rf6+ Kc5 103. Kg6 Qb3 104. Rf5+ Kd6 105.
Rf6+ Ke7 106. Rf4 Qg8+ 107. Kf5 Qf7+ 108. Ke4 Qe6+ 109. Kf3 Kd6 110. Re4
Qh3+ 111. Kf4 Kd5 112. Re5+ Kd4 113. Re4+ Kd3 114. Re5 Qg2 115. Re6 Kd4 116.
Rd6+ Kc5 117. Re6 Kd5 118. Re3 Qf2+ 119. Rf3 Qh4+ 120. Ke3 Qe4+ 121. Kf2 Kd4
122. Kg3 Qg6+ 123. Kf2 Qg5 124. Rg3 Qh4 125. Kf3 Qe4+ 126. Kf2 Qf4+ 127. Kg2
Ke5 128. Kh3 {Black forfeits on time} 1-0

[Event "ICC tourney 2063 (7 2)"]
[Site "Internet Chess Club"]
[Date "2020.10.16"]
[Round "2"]
[White "clair"]
[Black "josechess99"]
[Result "0-1"]
[ICCResult "White resigns"]
[WhiteElo "1239"]
[BlackElo "2520"]
[Opening "Queen's pawn: London system"]
[ECO "A45"]
[NIC "QP.07"]
[Time "20:27:13"]
[TimeControl "420+2"]

1. d4 Nf6 2. Bf4 e6 3. e3 b6 4. Nf3 Bb7 5. Nbd2 Be7 6. Bd3 c5 7. c3 cxd4 8.
exd4 O-O 9. O-O d6 10. Re1 Nbd7 11. Qe2 a6 12. Nc4 Qc7 13. h3 Rfe8 14. Bh2
Bf8 15. Qc2 Bxf3 16. gxf3 b5 17. Ne3 Qc6 18. Qd1 d5 19. Ng4 b4 20. Rc1 bxc3
21. Rxc3 Qb6 22. b3 Bb4 23. Bc7 Qa7 24. Rc1 Rac8 25. Nxf6+ Nxf6 26. Be5 Rxc1
27. Qxc1 Bxe1 28. Qxe1 Nd7 29. f4 Nxe5 30. dxe5 g6 31. Qe2 a5 32. h4 Rc8 33.
h5 Qd4 34. hxg6 hxg6 35. Qe3 Qxe3 36. fxe3 Rc3 37. Bb5 Rxe3 38. Kf2 Rc3 39.
Ke2 Rc2+ 40. Kd3 Rxa2 41. Ba4 Kg7 42. Ke3 g5 43. fxg5 Kg6 44. Kf4 Rf2+ 45.
Kg3 Rf5 46. Kg4 Rxg5+ 47. Kf4 Rf5+ 48. Ke3 Rxe5+ 49. Kd4 Re4+ 50. Kc5 f5 51.
Kb6 f4 52. Kxa5 Rxa4+ 53. Kxa4 f3 54. b4 f2 55. b5 f1=Q 56. Ka5 d4 57. b6
Qa1+ 58. Kb5 d3 59. Kc6 d2 60. b7 Qa6+ 61. Kc7 Qxb7+ 62. Kxb7 d1=Q
{White resigns}
0-1

[Event "ICC tourney 2063 (7 2)"]
[Site "Internet Chess Club"]
[Date "2020.10.16"]
[Round "2"]
[White "challenger2010"]
[Black "IndianTerritory"]
[Result "0-1"]
[ICCResult "White resigns"]
[WhiteElo "1913"]
[BlackElo "1733"]
[Opening "Réti opening"]
[ECO "A04"]
[NIC "QP.11"]
[Time "20:27:26"]
[TimeControl "420+2"]

1. Nf3 c6 2. g3 d5 3. Bg2 Bg4 4. O-O Nd7 5. c4 dxc4 6. Na3 Bxf3 7. Bxf3 Ne5
8. Bg2 e6 9. Qc2 Bxa3 10. bxa3 f6 11. Rb1 b5 12. Bb2 Ne7 13. a4 a6 14. Bxe5
fxe5 15. d3 cxd3 16. exd3 O-O 17. Rbe1 Qd6 18. Qb3 Nf5 19. Re4 Nd4 20. Qb2
Rad8 21. Rfe1 Rf5 22. axb5 cxb5 23. g4 Rf4 24. Rxf4 exf4 25. Be4 Rc8 26. a4
bxa4 27. Qb7 Rb8 28. Qa7 Nb5 29. Bxh7+ Kxh7 30. Qf7 Nd4 31. Qh5+ Kg8 32. g5
Qd5 33. Re4 a3 34. Qh3 Qxg5+ 35. Kf1 Rb1+ 36. Re1 Rxe1+ 37. Kxe1 Qe5+ 38.
Kf1 Qe2+ 39. Kg2 f3+ 40. Kg3 Qe5+ 41. Kg4 Qf5+ 42. Kg3 Qxh3+ 43. Kxh3 a2
{White resigns}
0-1

[Event "ICC tourney 2063 (7 2)"]
[Site "Internet Chess Club"]
[Date "2020.10.16"]
[Round "2"]
[White "MrNormalName"]
[Black "JGroder"]
[Result "1/2-1/2"]
[ICCResult "Game drawn by repetition"]
[WhiteElo "1866"]
[BlackElo "1594"]
[Opening "Catalan: closed, 5.Nf3"]
[ECO "E06"]
[NIC "CA.05"]
[Time "20:29:30"]
[TimeControl "420+2"]

1. d4 Nf6 2. c4 e6 3. g3 d5 4. Bg2 Be7 5. Nf3 O-O 6. O-O dxc4 7. Qc2 a6 8.
a4 c5 9. dxc5 Bxc5 10. Qxc4 Nbd7 11. Rd1 b5 12. Qd3 Bb7 13. Bg5 h6 14. Bxf6
Nxf6 15. Ne5 Qxd3 16. Nxd3 Bxg2 17. Kxg2 Be7 18. Na3 bxa4 19. Nc4 a3 20.
bxa3 Rac8 21. Rac1 Rfd8 22. f3 a5 23. a4 Nd5 24. Kf2 Bf6 25. Nce5 Rxc1 26.
Rxc1 Rb8 27. Nc6 Rb3 28. Nxa5 Ra3 29. Rc8+ Kh7 30. Rc4 Nc3 31. Nc5 Nd5 32.
Nc6 Ne3 33. Rc1 Nf5 34. a5 Nd4 35. Nb7 Nxc6 36. Rxc6 Bd4+ 37. Kg2 Ra2 38.
Kf1 Ra1+ 39. Kg2 Ra2 40. Kf1 Ra1+ 41. Kg2 Ra2 {Game drawn by repetition}
1/2-1/2

[Event "ICC tourney 2063 (7 2)"]
[Site "Internet Chess Club"]
[Date "2020.10.16"]
[Round "2"]
[White "GGuseinov"]
[Black "TjkTiger"]
[Result "1-0"]
[ICCResult "Black resigns"]
[WhiteElo "2905"]
[BlackElo "2206"]
[Opening "Sicilian: Hungarian variation"]
[ECO "B27"]
[NIC "SI.43"]
[Time "20:29:12"]
[TimeControl "420+2"]

1. e4 c5 2. Nf3 g6 3. d4 cxd4 4. Qxd4 Nf6 5. Nc3 Nc6 6. Qa4 d6 7. e5 dxe5 8.
Nxe5 Bd7 9. Nxd7 Nxd7 10. Bb5 Bg7 11. O-O O-O 12. Rd1 Qc8 13. Be3 Bxc3 14.
bxc3 Nf6 15. Bxc6 Qxc6 16. Qxc6 bxc6 17. Bc5 Ne4 18. Bxe7 Rfe8 19. Rd7 Nxc3
20. g3 a5 21. a3 h5 22. Bf6 Ne4 23. Be7 Rab8 24. Rad1 Rb2 25. R1d4 Nc3 26.
Rc4 Nd5 27. Bc5 Nb6 28. Bxb6 Rxb6 29. Ra7 Re5 30. Rf4 f5 31. Rd4 Rd5 32.
Rxd5 cxd5 33. Rxa5 Rc6 34. Rxd5 Kf7 35. Rd1 Rxc2 36. Ra1 Rc8 37. a4 Ke6 38.
a5 Kd7 39. a6 Ra8 40. a7 Kc7 41. h4 Kb7 42. Kg2 f4 43. gxf4 Kc6 44. Kf3 Kb7
45. Ra2 Kb6 46. Ke4 Kb7 47. Ke5 Re8+ 48. Kf6 Ka8 49. Kxg6 Rf8 50. f5
{Black resigns}
1-0

[Event "ICC tourney 2063 (7 2)"]
[Site "Internet Chess Club"]
[Date "2020.10.16"]
[Round "2"]
[White "KnightHopper"]
[Black "spellking98"]
[Result "1-0"]
[ICCResult "Black forfeits on time"]
[WhiteElo "1781"]
[BlackElo "1695"]
[Opening "Pirc: Austrian attack, 6.Be3"]
[ECO "B09"]
[NIC "PU.05"]
[Time "20:27:15"]
[TimeControl "420+2"]

1. e4 d6 2. d4 Nf6 3. Nc3 g6 4. f4 Bg7 5. Be3 O-O 6. Nf3 Bg4 7. h3 Bxf3 8.
Qxf3 c6 9. e5 Ne8 10. O-O-O Qa5 11. h4 Nd7 12. h5 f5 13. hxg6 hxg6 14. Bc4+
d5 15. Nxd5 cxd5 16. Bxd5+ e6 17. Bxe6+ Rf7 18. Qxb7 Nc7 19. Bxf7+ Kxf7 20.
d5 Rb8 21. Qc6 Nf8 22. e6+ Kg8 23. Bd4 Bxd4 24. Rxd4 Qxa2 25. Kd2 Qxb2 26.
Rd3 Qb4+ 27. Qc3 {Black forfeits on time} 1-0

[Event "ICC tourney 2063 (7 2)"]
[Site "Internet Chess Club"]
[Date "2020.10.16"]
[Round "2"]
[White "Tacticsguy52"]
[Black "Ben2008"]
[Result "1/2-1/2"]
[ICCResult "Game drawn by repetition"]
[WhiteElo "1590"]
[BlackElo "1400"]
[Opening "Sicilian: Scheveningen (Paulsen), classical variation"]
[ECO "B84"]
[NIC "SI.23"]
[Time "20:27:10"]
[TimeControl "420+2"]

1. e4 c5 2. Nf3 d6 3. d4 cxd4 4. Nxd4 Nf6 5. Nc3 a6 6. Be2 e6 7. Be3 b5 8.
Bf3 Bb7 9. e5 Nd5 10. exd6 Qxd6 11. Nxd5 Bxd5 12. O-O Nd7 13. Re1 Be7 14.
Qe2 O-O 15. a3 Nf6 16. Rad1 Rad8 17. Bg5 Qc5 18. Bxd5 Nxd5 19. Bxe7 Qxe7 20.
Nc6 Qf6 21. Nxd8 Rxd8 22. c4 bxc4 23. Qxc4 Qxb2 24. Qxa6 Rb8 25. h3 h6 26.
Rb1 Qxb1 27. Rxb1 Rxb1+ 28. Kh2 Rb2 29. Kg3 Rb3+ 30. f3 Rb6 31. Qc8+ Kh7 32.
a4 f5 33. a5 f4+ 34. Kh2 Rb2 35. Qxe6 Ne3 36. Qe4+ Kh8 37. Qxf4 Nxg2 38.
Qf8+ Kh7 39. Kg3 Ne3 40. a6 Ra2 41. Qc8 Ra5 42. Qc3 Rg5+ 43. Kh2 Nf1+ 44.
Kh1 Ng3+ 45. Kh2 Nf1+ 46. Kh1 Ng3+ 47. Kh2 Nf1+ 48. Kh1 Ng3+ 49. Kh2 Nf1+
50. Kh1 Ng3+ 51. Kh2 Nf1+ 52. Kh1 Ng3+ 53. Kh2 Nf1+ 54. Kh1 Ng3+ 55. Kh2
Nf1+ 56. Kh1 Ng3+ 57. Kh2 Nf1+ 58. Kh1 Ng3+ {Game drawn by repetition}
1/2-1/2

[Event "ICC tourney 2063 (7 2)"]
[Site "Internet Chess Club"]
[Date "2020.10.16"]
[Round "2"]
[White "Openyagami"]
[Black "manest"]
[Result "0-1"]
[ICCResult "White resigns"]
[WhiteElo "2745"]
[BlackElo "2787"]
[Opening "English: Neo-Catalan declined"]
[ECO "E06"]
[NIC "RE.11"]
[Time "20:27:58"]
[TimeControl "420+2"]

1. Nf3 Nf6 2. c4 e6 3. g3 d5 4. Bg2 Be7 5. O-O O-O 6. d4 c6 7. Nbd2 Nbd7 8.
b3 b6 9. Bb2 Bb7 10. Rc1 Rc8 11. Re1 c5 12. cxd5 Nxd5 13. e4 Nb4 14. Nc4
cxd4 15. Nxd4 Nc5 16. Qg4 h5 17. Qxh5 Nbd3 18. Rcd1 Nxe1 19. Nf5 exf5 20.
Rxd8 Rcxd8 21. Bxg7 Kxg7 22. Ne3 Rg8 23. Nxf5+ Kf8 24. Nh6 Rg6 25. Nf5 Nxg2
26. Qh8+ Rg8 27. Qh6+ Ke8 28. Qh7 Rd1+ 29. Kxg2 Bxe4+ 30. f3 Rd2+ 31. Kg1
Bxf5 32. Qxg8+ Kd7 33. Qxf7 Be6 34. Qf4 Rxa2 35. b4 Nb3 36. h4 Bd6 37. Qe4
Bxb4 38. Qxb4 Nd2 39. Qd4+ Kc6 40. Qc3+ Kb7 41. Qg7+ Ka6 42. Kf2 Nc4+ 43.
Ke1 Rh2 44. Qf6 Bd7 45. g4 Bb5 46. Qa1+ Kb7 47. Qg7+ Ka6 48. Qg5 Nb2 49. f4
Re2+ 50. Kf1 Re5+ 51. Kf2 Nd3+ 52. Kg3 Rxg5 53. fxg5 Be8 54. h5 Ne5 55. Kf4
Ng6+ 56. Kf5 b5 57. hxg6 b4 58. Kf6 Bxg6 59. Kxg6 b3 60. Kh7 b2 61. g6 b1=Q
62. g5 Qf5 63. Kh6 Kb7 64. g7 Qf7 65. Kh7 Qh5+ 66. Kg8 Qxg5 {White resigns}
0-1

[Event "ICC tourney 2063 (7 2)"]
[Site "Internet Chess Club"]
[Date "2020.10.16"]
[Round "2"]
[White "helavir"]
[Black "kurumania"]
[Result "0-1"]
[ICCResult "White forfeits on time"]
[WhiteElo "2305"]
[BlackElo "2751"]
[Opening "French: Rubinstein variation"]
[ECO "C03"]
[NIC "FR.07"]
[Time "20:27:29"]
[TimeControl "420+2"]

1. e4 e6 2. d4 d5 3. Nd2 dxe4 4. Nxe4 Nd7 5. Nf3 Ngf6 6. Bd3 Nxe4 7. Bxe4
Nf6 8. Bg5 Be7 9. Bd3 O-O 10. Qe2 c5 11. dxc5 Qa5+ 12. c3 Qxc5 13. O-O Rd8
14. Rad1 Bd7 15. Ne5 Be8 16. Rfe1 h6 17. Bh4 Rd5 18. Bc2 Rad8 19. Rxd5 Qxd5
20. Ng4 Bb5 21. Ne3 Qc5 22. c4 Bc6 23. a3 a5 24. h3 Kf8 25. Rd1 Rd4 26. Bg3
a4 27. Kh2 Ne4 28. Bb8 Nd6 29. Kg1 Ke8 30. Rd2 Ne4 31. Rd1 Nd6 32. Rd3 Kd7
33. Qd1 Rxd3 34. Qxd3 Kc8 35. Bxd6 Qxd6 36. Qh7 Bf6 37. Qg8+ Qd8 38. Qxf7
Bxb2 39. Qxe6+ Kb8 40. Nd5 Bxa3 41. Qe5+ Bd6 42. Qxg7 a3 43. Qc3 Qe8 44. Bb3
Qe5 45. Qxe5 Bxe5 46. f4 Bd4+ 47. Kf1 Bc5 48. Ke2 b5 49. g4 b4 50. f5 Ba4
51. Ba2 b3 52. Nc3 bxa2 53. Nxa2 Bb3 54. Nc1 Bxc4+ 55. Kd2 Bd4 56. h4 Kc7
57. g5 hxg5 {White forfeits on time} 0-1

[Event "ICC tourney 2063 (7 2)"]
[Site "Internet Chess Club"]
[Date "2020.10.16"]
[Round "3"]
[White "TjkTiger"]
[Black "clair"]
[Result "1-0"]
[ICCResult "Black checkmated"]
[WhiteElo "2206"]
[BlackElo "1239"]
[Opening "English opening"]
[ECO "A10"]
[NIC "EO.64"]
[Time "20:48:09"]
[TimeControl "420+2"]

1. c4 g6 2. Nc3 Bg7 3. d4 e6 4. e4 Ne7 5. Nf3 d5 6. Bd3 dxe4 7. Bxe4 O-O 8.
O-O Nd7 9. Bf4 c5 10. Nb5 e5 11. dxe5 a6 12. Nd6 Nc6 13. Bd5 Ndxe5 14. Nxe5
Qxd6 15. Bxf7+ Rxf7 16. Qxd6 Nxe5 17. Bxe5 Rd7 18. Qe6+ Kf8 19. Bd6+ Rxd6
20. Qxd6+ Kg8 21. Qd5+ Kh8 22. Qd8+ Bf8 23. Qxf8# {Black checkmated} 1-0

[Event "ICC tourney 2063 (7 2)"]
[Site "Internet Chess Club"]
[Date "2020.10.16"]
[Round "3"]
[White "JGroder"]
[Black "helavir"]
[Result "0-1"]
[ICCResult "White checkmated"]
[WhiteElo "1593"]
[BlackElo "2306"]
[Opening "Caro-Kann: classical variation"]
[ECO "B18"]
[NIC "CK.10"]
[Time "20:48:36"]
[TimeControl "420+2"]

1. e4 c6 2. d4 d5 3. Nc3 dxe4 4. Nxe4 Bf5 5. Ng3 Bg6 6. Nf3 Nd7 7. Bd3 e6 8.
Bf4 Ngf6 9. Bxg6 hxg6 10. b3 a5 11. O-O a4 12. c4 Be7 13. h3 Qb6 14. Be3 Qa6
15. Re1 O-O 16. Rb1 Rfd8 17. Qc2 b5 18. Red1 Bd6 19. Nf1 Rdc8 20. c5 axb3
21. axb3 Bc7 22. Ra1 Qxa1 23. Rxa1 Rxa1 24. Qb2 Rca8 25. g4 R8a2 26. Qc3 Nd5
27. Qd3 Nb4 28. Qe4 Nf6 29. Bd2 Nxe4 30. Bxb4 Rxf2 31. Nh2 Bxh2+ 32. Kh1
Ng3# {White checkmated} 0-1

[Event "ICC tourney 2063 (7 2)"]
[Site "Internet Chess Club"]
[Date "2020.10.16"]
[Round "3"]
[White "spellking98"]
[Black "challenger2010"]
[Result "1-0"]
[ICCResult "Black resigns"]
[WhiteElo "1734"]
[BlackElo "1895"]
[Opening "Nimzovich-Larsen attack: Indian variation"]
[ECO "A01"]
[NIC "VO.08"]
[Time "20:48:04"]
[TimeControl "420+2"]

1. b3 Nf6 2. Bb2 g6 3. g3 Bg7 4. Bg2 O-O 5. e3 d5 6. Ne2 c5 7. O-O Nc6 8. f4
d4 9. e4 e5 10. h3 exf4 11. Nxf4 Nd7 12. d3 Nde5 13. Nd2 f5 14. exf5 Bxf5
15. g4 Bd7 16. Ne4 b6 17. Bc1 Rf7 18. Nd6 Rf8 19. Bd5+ Kh8 20. Ne4 Qh4 21.
Bd2 Bh6 22. Be1 Qe7 23. Bg3 Rad8 24. c4 dxc3 25. Nxc3 Bg7 26. Rc1 Nd4 27.
Be4 Qg5 28. Ncd5 h5 29. h4 Qxg4 30. Qxg4 Bxg4 31. Rce1 Kh7 32. Kh1 Bf3+ 33.
Bxf3 Nexf3 34. Re7 Nf5 35. Rxf3 Nxe7 36. Nxe7 Rd6 37. Re3 Bh6 38. Re4 Rd4
39. Rxd4 cxd4 40. Nexg6 Rf6 41. Kg2 Rc6 42. Kf3 Rc2 43. Bf2 Rxa2 44. Bxd4
Ra3 45. b4 Rb3 46. Ne5 Bxf4 47. Kxf4 Rxb4 48. Nc6 Ra4 49. Kg5 Ra3 50. Ne5
Rb3 51. Kxh5 a5 52. Kg5 a4 53. h5 a3 54. Ng4 Rb5+ 55. Kh4 a2 56. Nf6+ Kh6
57. Ng4+ Kh7 58. Nf6+ Kg7 59. Ne4+ Kg8 60. h6 Rb4 61. Bc3 Rb3 62. Be5 Kh7
63. Kg5 Rb5 64. Nf6+ Kh8 65. Nd5+ Kg8 66. Kg6 Rxd5 67. h7+ Kf8 68. h8=Q+ Ke7
69. Qf6+ Kd7 70. Qf7+ Kc6 71. Qc7+ Kb5 72. Qc4+ Ka5 73. Qxd5+ Ka6
{Black resigns}
1-0

[Event "ICC tourney 2063 (7 2)"]
[Site "Internet Chess Club"]
[Date "2020.10.16"]
[Round "3"]
[White "Tacticsguy52"]
[Black "MrNormalName"]
[Result "0-1"]
[ICCResult "White checkmated"]
[WhiteElo "1585"]
[BlackElo "1871"]
[Opening "Scotch: Blumenfeld attack"]
[ECO "C45"]
[NIC "SO.05"]
[Time "20:48:29"]
[TimeControl "420+2"]

1. e4 e5 2. Nf3 Nc6 3. d4 exd4 4. Nxd4 Bc5 5. Be3 Qf6 6. Nb5 Bxe3 7. fxe3
Qh4+ 8. g3 Qd8 9. Qg4 g5 10. Qf3 d6 11. N1c3 Ne5 12. Qg2 c6 13. Nd4 Be6 14.
Nxe6 fxe6 15. Be2 Nf6 16. O-O Qe7 17. Rad1 O-O-O 18. b4 g4 19. b5 c5 20. a4
h5 21. a5 h4 22. b6 a6 23. Rf4 hxg3 24. hxg3 Rh6 25. Kf2 Rdh8 26. Ke1 Rh2
27. Rf2 Rxg2 28. Rxg2 Rh1+ 29. Kd2 Rxd1+ 30. Kxd1 Qh7 31. Rf2 Qh1+ 32. Rf1
Qh6 33. Kd2 Nc6 34. Bc4 Kd7 35. Ra1 Qh2+ 36. Ne2 Nxe4+ 37. Kd3 Ne5+ 38. Kxe4
Qg2+ 39. Kf4 Qf3+ 40. Kg5 Qf5+ 41. Kh4 Ng6# {White checkmated} 0-1

[Event "ICC tourney 2063 (7 2)"]
[Site "Internet Chess Club"]
[Date "2020.10.16"]
[Round "3"]
[White "kurumania"]
[Black "GGuseinov"]
[Result "1-0"]
[ICCResult "Black resigns"]
[WhiteElo "2774"]
[BlackElo "2882"]
[Opening "Sicilian: Hungarian variation"]
[ECO "B27"]
[NIC "SI.43"]
[Time "20:48:17"]
[TimeControl "420+2"]

1. e4 c5 2. Nf3 g6 3. d4 cxd4 4. Qxd4 Nf6 5. Nc3 Nc6 6. Qa4 d6 7. e5 dxe5 8.
Nxe5 Bg7 9. Nxc6 bxc6 10. Qxc6+ Bd7 11. Qf3 O-O 12. Be2 Bf5 13. Bd3 Bxd3 14.
Qxd3 Qxd3 15. cxd3 Rfd8 16. Be3 Rxd3 17. Ke2 Rd7 18. Rhd1 Rb7 19. b3 Ng4 20.
Bd4 e5 21. Bc5 e4 22. Rac1 f5 23. Bd6 Ne5 24. Bxe5 Bxe5 25. g3 Kf7 26. Na4
Re8 27. Rc6 g5 28. Nc5 Ree7 29. Nxb7 Rxb7 30. Rd5 Re7 31. Rcc5 Kf6 32. f3
exf3+ 33. Kxf3 g4+ 34. Kg2 Re6 35. b4 h5 36. b5 h4 37. gxh4 f4 38. Rc6 f3+
39. Kg1 {Black resigns} 1-0

[Event "ICC tourney 2063 (7 2)"]
[Site "Internet Chess Club"]
[Date "2020.10.16"]
[Round "3"]
[White "manest"]
[Black "josechess99"]
[Result "0-1"]
[ICCResult "White resigns"]
[WhiteElo "2761"]
[BlackElo "2546"]
[Opening "Réti opening"]
[ECO "A04"]
[NIC "QP.10"]
[Time "20:50:02"]
[TimeControl "420+2"]

1. Nf3 c5 2. d4 cxd4 3. c3 d3 4. e4 d6 5. Bxd3 Nc6 6. h3 Nf6 7. c4 e6 8. Nc3
Be7 9. O-O O-O 10. Bf4 a6 11. Rc1 b6 12. Qd2 Bb7 13. Rfd1 Qb8 14. Qe3 Nd7
15. Be2 Nce5 16. Nxe5 dxe5 17. Rxd7 Bc5 18. Qf3 Bc6 19. Bh6 Bxd7 20. Qg3 g6
21. Bxf8 Kxf8 22. Rd1 Bc6 23. a3 Kg7 24. h4 h6 25. Kh2 Bd4 26. Rd3 Qf8 27.
b4 Rd8 28. Bf3 Bxf2 29. Qxf2 Rxd3 30. Qxb6 Rxc3 31. Qxc6 Rxa3 32. c5 Qe7 33.
Kh3 g5 34. Qb6 h5 {White resigns} 0-1